 Dungeon Sprint DCSS version 0.23-a0-171-g5ae17c6 (webtiles) character file.

6921 Fang the Severer (level 11, -1/80 HPs)
             Began as a Gargoyle Berserker on Sept 13, 2018.
             Was the Champion of Trog.
             Killed from afar by a starcursed mass (4 damage)
             ... with an accursed screaming
             ... in the Dungeon (Sprint V: "Ziggurat Sprint").
             The game lasted 00:04:16 (582 turns).

Fang the Severer (Gargoyle Berserker)                Turns: 582, Time: 00:04:18

Health: -1/80      AC: 29    Str: 27    XL:     11   Next: 7%
Magic:  0/3        EV: 11    Int:  8    God:    Trog [******]
Gold:   0          SH:  0    Dex:  9    Spells: 10/10 levels left

rFire    . . .     SeeInvis .   B - +3 battleaxe of Tender Mercy {antimagic, rC+}
rCold    + . .     Gourm    .   (shield currently unavailable)
rNeg     + . .     Faith    .   j - +5 shadow dragon scales
rPois    ∞         Spirit   .   (no helmet)
rElec    +         Reflect  .   (no cloak)
rCorr    .         Harm     .   F - +1 pair of gloves {Str+3}
MR       .....     NoTele   +   (no boots)
Stlth    +++.......             (no amulet)
HPRegen  0.23/turn              (no ring)
MPRegen  0.08/turn              (no ring)

@: berserk cooldown, slowed, very slow
A: negative energy resistance 1, electricity resistance, unbreathing,
petrification resistance, rot immunity, AC +8
a: Berserk, Trog's Hand, Brothers in Arms, Renounce Religion


You were in the Dungeon.
You worshipped Trog.
Trog was exalted by your worship.
You were very hungry.

You visited 1 branch

Inventory:

Hand Weapons
 k - a +5 executioner's axe of venom
 A - a +4 antimagic war axe
 B - the +3 battleaxe of Tender Mercy (weapon) {antimagic, rC+}
   (You found it in the Dungeon)

   It reduces the magical energy of the wielder, and disrupts the spells and
   magical abilities of those hit.
   Natural abilities and divine invocations are not affected.
   It protects you from cold.
 C - a +5 battleaxe of flaming
Armour
 a - quicksilver dragon scales
 b - a +0 robe of cold resistance
 j - +5 shadow dragon scales (worn)
 F - a +1 pair of gloves of strength (worn)
Jewellery
 D - an uncursed ring of protection from fire
 E - a +6 ring of strength
Wands
 w - a wand of disintegration (7)
 x - a wand of iceblast (7)
 y - a wand of acid (7)
Scrolls
 i - 4 scrolls of blinking
 l - 7 scrolls of fog
 m - a scroll of holy word
 n - 5 scrolls of identify
 o - 5 scrolls of remove curse
 p - 2 scrolls of fear
Potions
 d - 10 potions of curing
 e - 9 potions of heal wounds
 f - 6 potions of haste
 g - 7 potions of magic
 h - 3 potions of berserk rage
 q - 2 potions of brilliance
 r - 2 potions of invisibility
 s - 4 potions of resistance
 u - 5 potions of agility
 v - 5 potions of might
Miscellaneous
 t - a sack of spiders
Comestibles
 c - 7 rations
 z - 4 chunks of flesh


   Skills:
 + Level 14.9 Fighting
 + Level 16.1 Axes
 + Level 9.8 Armour
 + Level 5.7 Dodging
 + Level 4.1 Stealth


You had 10 spell levels left.
You didn't know any spells.
Your spell library was empty.

Dungeon Overview and Level Annotations

Branches:
Dungeon (1/1)

Altars:
Ashenzari
Cheibriados
Dithmenos
Elyvilon
Fedhas
Gozag
Hepliaklqana
Kikubaaqudgha
Makhleb
Nemelex Xobeh
Okawaru
Qazlal
Ru
Sif Muna
Trog
Uskayaw
Vehumet
Wu Jian
Xom
Yredelemnul
Zin
The Shining One
Beogh
Jiyva
Lugonu

Annotations:
D 1 transporter


Innate Abilities, Weirdness & Mutations

You are resistant to torment.
Your stone body is resilient. (AC +8)
You are immune to poison.
You resist negative energy. (rN+)
You are resistant to electric shocks. (rElec)
You can survive without breathing.
You are immune to petrification.
You are immune to rotting.


Message History

Okay, then.
You feel much better.
You feel you are being watched by something.
You feel your power leaking away.
Something hits you but does no damage. x2; Something stings you.
* * * LOW HITPOINT WARNING * * *
A starcursed mass splits.
A chorus of shrieks assaults your mind.
* * * LOW HITPOINT WARNING * * *
Your stone giant hits the starcursed mass!
The starcursed mass is destroyed!
Trog accepts your kill.
You hit something but do no damage.
You feel you are being watched by something.
Something hits you.
* * * LOW HITPOINT WARNING * * *
Something hits you but does no damage.
Something stings you but does no damage.
A chorus of shrieks assaults your mind.
You die...

▓..)††...▓..†.....▓
▓.▓....▓.▓.▓....▓.▓
▓...©....▓...©....▓
▓▓▓▓▓▓▓▓▓▓▓▓▓▓▓▓▓▓▓
▓...8©8...▓..8©8..▓
▓..?=?}...▓..)))..▓
▓.X.)C:...▓..))|..▓
▓...X.....▓.......▓
▓.....@...▓.......▓
▓.....{...▓.......▓
▓.....)...▓.......▓
▓.▓.....▓.▓.▓÷).▓.▓
▓....©....▓..|©...▓
▓▓▓▓▓▓▓▓▓▓▓▓▓▓▓▓▓▓▓
▓..8©8..▓ ▓..)|...▓
▓...)...▓


You could see 2 starcursed masses and a friendly stone giant (berserk).

Vanquished Creatures
  An anaconda (D)
  A wizard (D)
  A spriggan druid (D)
  An ugly thing (D)
  A cyclops (D)
  A black mamba (D)
  2 vault sentinels (D)
  A freezing wraith (D)
  4 starcursed masses (D)
  A slime creature (D)
  2 spriggans (D)
  A chaos spawn (D)
  A small abomination (D)
  An acid dragon (D)
  A naga (D)
  A water moccasin (D)
  2 floating eyes (D)
  A porcupine (D)
  3 wolves (D)
  2 crimson imps (D)
  A jelly (D)
  3 adders (D)
  4 river rats (D)
  2 white imps (D)
  2 ufetubi (D)
41 creatures vanquished.

Vanquished Creatures (collateral kills)
  A starcursed mass (D)
1 creature vanquished.

Grand Total: 42 creatures vanquished

Notes
Turn   | Place    | Note
-------+----------+-------------------------------------------
     0 | D        | Found the +6 Majin-Bo {vamp, Archmagi MP+6 Int+6}
     0 | D        | Found the +7 great mace "Firestarter" {inner flame, rF++}
     0 | D        | Fang the Gargoyle Berserker began the quest for the Orb.
     0 | D        | Reached XP level 1. HP: 14/14 MP: 1/1
     3 | D        | Found a blossoming altar of Fedhas.
     4 | D        | Found a viscous altar of Jiyva.
     4 | D        | Found a hazy altar of Hepliaklqana.
     4 | D        | Found a transporter.
     4 | D        | Found an opulent altar of Gozag.
     4 | D        | Found an ancient bone altar of Kikubaaqudgha.
     4 | D        | Found a corrupted altar of Lugonu.
    19 | D        | Found a burning altar of Makhleb.
    20 | D        | Found a sacrificial altar of Ru.
    20 | D        | Found a stormy altar of Qazlal.
    20 | D        | Found a deep blue altar of Sif Muna.
    20 | D        | Found an iron altar of Okawaru.
    20 | D        | Found a bloodstained altar of Trog.
    20 | D        | Found a sparkling altar of Nemelex Xobeh.
    68 | D        | Entered arena 2.
    68 | D        | Noticed a crimson imp
    68 | D        | Found a transporter.
    71 | D        | Killed a crimson imp
    71 | D        | Reached skill level 5 in Fighting
    71 | D        | Reached skill level 4 in Axes
    71 | D        | Reached XP level 2. HP: 21/21 MP: 2/2
    71 | D        | Reached XP level 3. HP: 26/26 MP: 3/3
   115 | D        | Entered arena 3.
   115 | D        | Noticed a wizard
   115 | D        | Noticed a cyclops
   115 | D        | Noticed a vault sentinel
   115 | D        | Found a transporter.
   119 | D        | Killed a wizard
   119 | D        | Reached ** piety under Trog
   119 | D        | Reached skill level 10 in Fighting
   119 | D        | Reached skill level 9 in Axes
   119 | D        | Reached skill level 5 in Armour
   119 | D        | Reached XP level 4. HP: 38/38 MP: 4/4
   119 | D        | Reached XP level 5. HP: 42/43 MP: 5/5
   119 | D        | Reached XP level 6. HP: 48/48 MP: 6/6
   119 | D        | Reached XP level 7. HP: 53/53 MP: 7/7
   123 | D        | Killed a cyclops
   123 | D        | Reached skill level 10 in Axes
   123 | D        | Reached XP level 8. HP: 57/60 MP: 8/8
   124 | D        | Killed a vault sentinel
   124 | D        | Reached *** piety under Trog
   124 | D        | Reached skill level 11 in Axes
   124 | D        | Reached skill level 5 in Dodging
   125 | D        | Reached XP level 9. HP: 43/66 MP: 9/9
   218 | D        | Entered arena 4.
   218 | D        | Found a transporter.
   223 | D        | Reached skill level 12 in Axes
   224 | D        | Reached **** piety under Trog
   238 | D        | Got the ring "Uvoud" {+Fly rPois rN+ Dex+5}
   268 | D        | Entered arena 5.
   268 | D        | Noticed a freezing wraith
   268 | D        | Noticed a vault sentinel
   268 | D        | Noticed a purple ugly thing
   268 | D        | Found a transporter.
   275 | D        | Killed a freezing wraith
   279 | D        | Killed a purple ugly thing
   279 | D        | Reached skill level 13 in Axes
   279 | D        | Reached XP level 10. HP: 74/74 MP: 10/10
   284 | D        | Killed a vault sentinel
   284 | D        | Reached ***** piety under Trog
   383 | D        | Entered arena 6.
   383 | D        | Found a transporter.
   391 | D        | Received a gift from Trog
   399 | D        | Got the +3 battleaxe of Tender Mercy {antimagic, rC+}
   409 | D        | Entered arena 7.
   409 | D        | Noticed a spriggan druid
   412 | D        | Reached skill level 14 in Axes
   417 | D        | Killed a spriggan druid
   423 | D        | Received a gift from Trog
   425 | D        | Found a transporter.
   497 | D        | Entered arena 8.
   497 | D        | Noticed a black mamba
   497 | D        | Noticed an anaconda
   500 | D        | Killed an anaconda
   500 | D        | Reached skill level 15 in Axes
   505 | D        | Killed a black mamba
   507 | D        | Reached ****** piety under Trog
   508 | D        | Found a transporter.
   560 | D        | Entered arena 9.
   560 | D        | Noticed a starcursed mass
   564 | D        | Found a transporter.
   566 | D        | Received a gift from Trog
   574 | D        | Reached XP level 11. HP: 35/80 MP: 0/11
   575 | D        | Killed a starcursed mass
   575 | D        | Reached skill level 16 in Axes
   579 | D        | Received a gift from Trog
   580 | D        | HP: 3/80 [something (8)]
   582 | D        | Killed from afar by a starcursed mass

Vault maps used:
D:        sprint_v

Skill      XL: |  1  2  3  4  5  6  7  8  9 10 11 |
---------------+----------------------------------+-----
Fighting       | 5 10 11 12 13 14 | 14.9
Axes           | 4 9 10 11 13 15 16 | 16.1
Armour         | 3 5 6 8 9 |  9.8
Dodging        | 2 4 5 |  5.7
Stealth        | 4 |  4.1

Action                   |  1- 3 |  4- 6 |  7- 9 | 10-12 || total
-------------------------+-------+-------+-------+-------++-------
Melee: Executioner's axe |     2 |       |    18 |    11 ||    31
       Battleaxe         |       |       |       |    36 ||    36
Invok: Berserk           |     2 |       |     1 |     3 ||     6
       Brothers in Arms  |       |       |       |     1 ||     1
  Use: Potion            |       |       |     1 |     1 ||     2
       Scroll            |       |       |       |     1 ||     1
  Eat: Chunk             |       |       |       |     4 ||     4
Armor: Shadow dragon sca |     1 |       |    11 |    48 ||    60
Dodge: Dodged            |       |       |    16 |    25 ||    41

Table legend:
 A = Non-vault XP
 B = Vault XP
 C = Vault XP percentage of total XP
 D = Non-vault monster count
 E = Vault monster count
 F = Vault count percentage of total count
                 A         B        C        D         E       F
            +---------+---------+-------+---------+---------+-------
      Total |     506 |    7687 |  93.8 |       4 |      38 |  90.5
            +---------+---------+-------+---------+---------+-------
          D |     506 |    7687 |  93.8 |       4 |      38 |  90.5
            +---------+---------+-------+---------+---------+-------
